 Dungeon Crawl Stone Soup version 0.28.0-45-g0d030f2227 (webtiles) character file.

Game seed: 2412403839465036872

21 101zpm the Covered (level 2, 0/19 HPs)
             Began as a Gargoyle Fighter on Apr 4, 2022.
             Slain by a water moccasin (8 damage)
             ... on level 3 of the Dungeon.
             The game lasted 00:02:04 (1885 turns).

101zpm the Covered (Gargoyle Fighter)               Turns: 1885, Time: 00:02:04

Health: 0/19       AC:  9    Str: 19    XL:     2   Next: 83%
Magic:  2/2        EV:  9    Int:  8    God:
Gold:   67         SH:  4    Dex:  9    Spells: 1/1 levels left

rFire   . . .      SeeInvis .   a - +0 flail
rCold   . . .      Faith    .   c - +0 buckler
rNeg    + . .      Spirit   .   b - +0 scale mail
rPois   ∞          Reflect  .   (no helmet)
rElec   +          Harm     .   (no cloak)
rCorr   .          Rampage  .   (no gloves)
Will    .....                   (no boots)
Stlth   ..........              (no amulet)
HPRegen 0.06/turn               (no ring)
MPRegen 0.08/turn               (no ring)

@: no status effects
A: sickness immunity, AC +2, negative energy resistance 1, electricity
resistance, torment resistance 1, petrification resistance
a: no special abilities


You were on level 3 of the Dungeon.
You visited 1 branch of the dungeon, and saw 3 of its levels.

You collected 67 gold pieces.

Inventory:

Hand Weapons
 a - a +0 flail (weapon)
Armour
 b - a +0 scale mail (worn)
 c - a +0 buckler (worn)
Jewellery
 g - a ring of protection from fire
Scrolls
 e - a scroll of torment {unknown}
 i - a scroll of fog {unknown}
 m - a scroll of enchant armour {unknown}
Potions
 d - a potion of might
 f - a potion of attraction {unknown}
 h - a potion of mutation {unknown}
 j - a potion of ambrosia {unknown}
 k - 2 potions of lignification {unknown}
 l - a potion of invisibility {unknown}


   Skills:
 + Level 3.5 Fighting
 + Level 2.0 Maces & Flails
 + Level 3.7 Armour
 + Level 0.2 Dodging
 + Level 3.6 Shields


You had one spell level left.
You didn't know any spells.
Your spell library contained the following spells:

 Spells                   Type           Power      Damage    Failure   Level
 Corpse Rot               Necr/Air       0%         N/A       94%         2
 Poisonous Vapours        Pois/Air       0%         N/A       94%         2
 Petrify                  Tmut/Erth      0%         N/A       100%        4
 Irradiate                Conj/Tmut      0%         3d14      100%        5
 Sublimation of Blood     Necr           Unusable   N/A       N/A         2

Dungeon Overview and Level Annotations

Branches:
Dungeon (3/15)

Altars:
Dithmenos


Innate Abilities, Weirdness & Mutations

You are immune to sickness and miasma.
Your stone body is resilient. (AC +2)
You are immune to poison.
You resist negative energy. (rN+)
You are resistant to electric shocks. (rElec)
You are resistant to unholy torment.
You are immune to petrification.


Message History

A rat comes into view.
No reachable target in view!
A rat is nearby!
No reachable target in view!
A rat is nearby!
No reachable target in view!
You see here 10 gold pieces.
The rat bites you but does no damage.
You closely miss the rat. You block the rat's attack.
You sock the rat!
You kill the rat!
No target in view!
No target in view!
No target in view!
No target in view!
No target in view!
No target in view!
No target in view!
No target in view!
No target in view!
You now have 67 gold pieces (gained 10).
You see here a rat corpse.
A water moccasin comes into view.
The water moccasin moves out of view.
A water moccasin is nearby!
Found 16 arrows.
You hit the water moccasin but do no damage.
The water moccasin bites you. The water moccasin closely misses you.
You hit the water moccasin.
The water moccasin is moderately wounded.
The water moccasin bites you but does no damage.
The water moccasin barely misses you.
You barely miss the water moccasin.
The water moccasin is moderately wounded.
The water moccasin bites you but does no damage.
The water moccasin bites you!
You barely miss the water moccasin.
The water moccasin is moderately wounded.
The water moccasin bites you. The water moccasin bites you!
You die...

#.≈.......≈....##### ##.#
#.≈.♣♣♣♣♣.≈.##...#.#####..#
.≈. ...≈.>..###.......## .≈
_.♣.≈.##.# #.#######
..♣.≈..#.# #.#
.♣♣♣♣♣......# #.#
(......≈.##.# #.#
≈≈≈≈≈≈≈≈.##.# #.#
......S@.##.# #.#
###..###..†.# #.# ...
####.# #.# # #.# #.# #.#
#.# #.# #r# #.# #.# ..# #.#
.## #.#


You could see a water moccasin.

Vanquished Creatures
  3 bats
  An endoplasm (D:2)
  A giant cockroach (D:3)
  A goblin (D:2)
  3 jackals
  2 kobolds
  2 quokkas
  2 ball pythons
  4 rats
19 creatures vanquished.

Notes
Turn   | Place    | Note
-------+----------+-------------------------------------------
     0 | D:1      | 101zpm the Gargoyle Fighter began the quest for the Orb.
     0 | D:1      | Reached XP level 1. HP: 14/14 MP: 1/1
   494 | D:2      | Reached XP level 2. HP: 16/19 MP: 2/2
  1861 | D:3      | Found a shadowy altar of Dithmenos.
  1879 | D:3      | Noticed a water moccasin
  1885 | D:3      | Slain by a water moccasin

Illustrated notes

Levels and vault maps discovered:
D:1:      dpeg_arrival_water_altar, layout_basic, basic_ecumenical_altar,
          serial_bayou, serial_bayou_shore_b, serial_bayou_ford_a,
          serial_bayou_shore_a, serial_bayou_pond_d
D:2:      layout_basic, chequers_serial_rivers_micro_b
D:3:      layout_loops_ring, mainiacjoe_overflow_brackets,
          nicolae_elevator_lobby_plus

Action                   || total
-------------------------++-------
Melee: Flail             ||    89
Armor: Scale mail        ||    65
Dodge: Dodged            ||    63
Block: Buckler           ||    19
